 Dungeon Crawl Stone Soup version 0.20-a0-1020-g7b9e4fe (webtiles) character file.

68 mopl the Sneak (level 4, 0/25 HPs)
             Began as a Deep Elf Assassin on Apr 18, 2017.
             Succumbed to an adder's poison
             ... on level 2 of the Dungeon.
             The game lasted 00:02:25 (1672 turns).

mopl the Sneak (Deep Elf Assassin)                  Turns: 1672, Time: 00:02:25

Health: 0/25       AC:  3    Str:  5 (8)  XL:     4   Next: 1%
Magic:  6/6        EV: 17    Int: 13 (16) God:
Gold:   29         SH:  3    Dex: 20 (22) Spells: 3/3 levels left

rFire    . . .     SeeInvis .   b - +0 blowgun
rCold    . . .     Gourm    .   (no shield)
rNeg     . . .     Faith    .   c - +0 robe
rPois    .         Spirit   .   (no helmet)
rElec    .         Reflect  +   d - +0 cloak
rCorr    .         Harm     .   (no gloves)
MR       .....                  (no boots)
Stlth    +++++.....             q - +3 amulet of reflection
Regen    0.1/turn               (no ring)
MPRegen  0.1/turn               (no ring)

@: agile, lethally poisoned (0 -> -5), very slightly contaminated, invisible
A: no striking features
a: no special abilities


You were on level 2 of the Dungeon.
You were not hungry.

You visited 1 branch of the dungeon, and saw 2 of its levels.

You collected 29 gold pieces.

Inventory:

Hand Weapons
 a - a +2 dagger
 b - a +0 blowgun (weapon)
Missiles
 e - 5 poisoned needles (quivered)
 f - 2 curare-tipped needles
 t - 5 needles of confusion
Armour
 c - a +0 robe (worn)
 d - a +0 cloak (worn)
Jewellery
 q - a +3 amulet of reflection (around neck)
Scrolls
 h - a scroll of amnesia {unknown}
 l - a scroll of fear {unknown}
 n - a scroll of blinking {unknown}
 r - a scroll of enchant armour {unknown}
 s - a scroll of remove curse {unknown}
 u - a scroll of enchant weapon {unknown}
 w - 2 scrolls of random uselessness {unknown}
Potions
 i - a potion of invisibility
 j - a potion of cancellation {unknown}
 m - a potion of flight {unknown}
 p - a potion of degeneration
 v - a potion of curing {unknown}
Comestibles
 g - 2 bread rations
 k - a royal jelly


   Skills:
 - Level 1.5 Fighting
 + Level 2.5 Short Blades
 + Level 2.8 Throwing
 - Level 1.2 Dodging
 * Level 6.0 Stealth


You had 3 spell levels left.
You didn't know any spells.

Dungeon Overview and Level Annotations

Branches:
Dungeon (2/15)

Altars:


Message History

The adder is poisoned.
The adder is lightly wounded.
The adder bites you.
* * * LOW HITPOINT WARNING * * *
You are poisoned.
The adder poisons you!
* * * LOW HITPOINT WARNING * * *
You feel sick. The adder bites you.
* * * LOW HITPOINT WARNING * * *
It was a potion of invisibility.
You fade into invisibility!
The adder closely misses you.
You are very lightly contaminated with residual magic.
It was a potion of agility.
You feel agile all of a sudden. The adder closely misses you.
It was a potion of degeneration.
There was something very wrong with that liquid.
You feel weakened.
You feel dopey.
You feel clumsy.
You die...

#...(...... #..
#..#####... #...
#..# ....# #..# ...
#).# ### ... # #..#
#.. ... #<.# #.# .#
#S.# # #.# .# #@.#
#.#.###.# #..#
#.#.##..### #..#
#..........
##..#######.##†####
#...........##.####
#...######.........
#.....# #.###.####
#.#...####.###.#
#.#.....##.#..)#


You could see an adder.

Vanquished Creatures
  2 adders (D:2)
  2 oozes
  A worm (D:2)
  2 dart slugs
  3 giant cockroaches
  5 goblins
  2 hobgoblins
  2 quokkas (D:2)
  A ball python (D:2)
  3 bats
  A frilled lizard (D:2)
  8 kobolds
  5 rats
37 creatures vanquished.

Notes
Turn   | Place    | Note
-------+----------+-------------------------------------------
     0 | D:1      | mopl the Deep Elf Assassin began the quest for the Orb.
     0 | D:1      | Reached XP level 1. HP: 12/12 MP: 3/3
    83 | D:1      | Reached skill level 5 in Stealth
   194 | D:1      | Reached XP level 2. HP: 15/16 MP: 4/4
   973 | D:2      | Reached XP level 3. HP: 20/20 MP: 5/5
  1414 | D:2      | Reached skill level 6 in Stealth
  1667 | D:2      | Reached XP level 4. HP: 9/25 MP: 6/6
  1669 | D:2      | HP: 1/25 [adder (4)]
  1672 | D:2      | Succumbed to an adder's poison

Vault maps used:
D:1:      tarquinn_simple_flora_water_c
D:2:      first_bread, minmay_pentomino_s4

Skill      XL: |  1  2  3 |
---------------+----------+-----
Stealth        | 5 6 |  6.0
Fighting       | |  1.5
Short Blades   | |  2.5
Throwing       | |  2.8
Dodging        | |  1.2

Action                   |  1- 3 |  4- 6 || total
-------------------------+-------+-------++-------
Melee: Dagger            |   115 |       ||   115
 Fire: Blowgun           |     7 |     1 ||     8
  Use: Potion            |       |     3 ||     3
 Stab: Sleeping          |    14 |       ||    14
  Eat: Chunk             |     2 |       ||     2
Armor: Robe              |    24 |       ||    24
Dodge: Dodged            |    42 |     2 ||    44
Block: Other             |     3 |       ||     3
